 Dungeon Crawl Stone Soup version 0.27.0-1-g7a089689b8 (webtiles) character file.

Game seed: 1673809326639982653

984 Spectrina the Magician (level 8, -4/50 HPs)
             Began as a Djinni Necromancer on Aug 17, 2021.
             Was a Follower of Uskayaw.
             Slain by Grinder (10 damage)
             ... while paralysed by Grinder
             ... on level 6 of the Dungeon.
             The game lasted 00:19:26 (1743 turns).

Spectrina the Magician (Djinni Necromancer)         Turns: 1743, Time: 00:19:26

Health: -4/50      AC:  3    Str:  7    XL:     8   Next: 41%
Gold:   168        EV:  2    Int: 18    God:    Uskayaw [*.....] SH:  0 Dex: 15

rFire    + + +     SeeInvis .   a - +4 flail (protect)
rCold    . . .     Faith    .   (no shield)
rNeg     . . .     Spirit   .   A - +0 leather armour {rC+}
rPois    ∞         Reflect  .   (no helmet)
rElec    .         Harm     .   (no cloak)
rCorr    .         Rampage  .   (no gloves)
Will     .....                  (boots unavailable)
Stlth    ++........             c - amulet of regeneration
HPRegen  1.16/turn              n - ring of protection from fire
MPRegen  0.00/turn              (no ring)

@: paralysed, flying, very slightly contaminated, invisible
A: sickness immunity, fire resistance 2, cold vulnerability 1, float, innate
caster, hp casting, extra vitality 1
a: Renounce Religion, Stomp


You were on level 6 of the Dungeon.
You worshipped Uskayaw.
Uskayaw was noncommittal.
You visited 2 branches of the dungeon, and saw 7 of its levels.

You collected 168 gold pieces.

Inventory:

Hand Weapons
 a - a +4 flail of protection (weapon)
 b - a +0 hunting sling
 p - a +0 rapier
 q - a +1 dagger of protection
 r - a +0 battleaxe
 v - a +1 dagger of flaming
 y - a +5 dagger of speed
Missiles
 d - 14 poisoned darts (quivered)
 e - 36 stones
 h - 15 sling bullets
 w - 2 throwing nets
Armour
 g - a +0 robe
 A - a +0 leather armour of cold resistance (worn)
Jewellery
 c - an amulet of regeneration (around neck)
 n - a ring of protection from fire (left hand)
 x - a ring of wizardry
 B - an amulet of the acrobat
Scrolls
 k - 3 scrolls of enchant weapon
 l - a scroll of amnesia {unknown}
 o - a scroll of vulnerability {unknown}
 t - a scroll of blinking {unknown}
Potions
 f - a potion of haste
 i - a potion of ambrosia
 j - 2 potions of mutation
 s - 2 potions of attraction {unknown}
 u - a potion of lignification {unknown}
 z - a potion of flight {unknown}
 C - a potion of curing


   Skills:
 - Level 2.1 Dodging
 - Level 1.5 Stealth
 * Level 7.3 Spellcasting
 + Level 3.1 Invocations


You had one spell level left.
You knew the following spells:

 Your Spells              Type           Power      Damage    Failure   Level
a - Gell's Gravitas       Tloc           16%        N/A       2%          3
b - Blink                 Tloc           N/A        N/A       1%          2
e - Agony                 Necr           33%        N/A       22%         5
f - Vampiric Draining     Necr           16%        2d8       2%          3
o - Animate Dead          Necr           16%        N/A       8%          4
p - Animate Skeleton      Necr           66%        N/A       1%          1
q - Pain                  Necr           100%       1d9       1%          1
w - Corona                Hex            36%        N/A       1%          1
Your spell library was empty.

Dungeon Overview and Level Annotations

Branches:
Dungeon (6/15)             Temple (1/1) D:5

Altars:
Cheibriados
Dithmenos
Elyvilon
Fedhas
Gozag
Hepliaklqana
Kikubaaqudgha
Makhleb
Nemelex Xobeh
Trog
Uskayaw
Vehumet
Wu Jian
Xom
Zin
The Shining One

Shops:
D:4 (

Annotations:
D:6 Duvessa, Grinder


Innate Abilities, Weirdness & Mutations

You are immune to sickness and miasma.
You are immune to poison.
Your flesh is very heat resistant. (rF++)
You are vulnerable to cold. (rC-)
You float through the air rather than walking.
You learn spells naturally, not from books.
Your magical power is your life essence.
You have superior vitality. (+4 HP)


Message History

Grinder gestures at you. Pain shoots through your body!
You closely miss Grinder.
Grinder is severely wounded.
Grinder gestures at you. Pain shoots through your body! Grinder hits you.
You writhe in agony.
Unknown command.
It was a potion of invisibility.
You fade into invisibility!
Grinder gestures at you. You resist with some effort.
You are very lightly contaminated with residual magic.
Unknown command.
You thump Grinder!
Your weapon exudes an aura of protection.
Grinder is almost dead.
Grinder barely misses you.
Unknown command.
You closely miss Grinder.
Grinder is almost dead.
Grinder closely misses you. x2
Duvessa, Sister of Dowan comes into view.
She is wielding a +0 short sword.
Unknown command.
Okay, then.
Grinder hits you.
Unknown command.
You completely miss Grinder.
Grinder is almost dead.
Grinder gestures at you.
You suddenly lose the ability to move!
Grinder gestures at you.
You shrug off the repeated paralysis!
Grinder hits you.
You writhe in agony.
Grinder hits you!
* * * LOW HITPOINT WARNING * * *
Grinder hits you!
* * * LOW HITPOINT WARNING * * *
Grinder hits you but does no damage. Grinder hits you!
You die...

######## #......#
#......# #......#
#......# #......#
##......# #..
#..@....# #.#
####.##5##.# #.#
...((..(##.###.#
#.###e..†...##.#
#### #
#......<##.#####...
#.......##.......#
#...........###..##
#.#.##..###.# #....
#.<.....# #.# #..##


You could see Grinder.

Vanquished Creatures
  Edmund (D:5)
  A sky beast (D:5)
  2 necrophages (D:4)
  2 ogres
  Dowan (D:6)
  A howler monkey (D:6)
  A hound (D:6)
  2 orc priests
  A centaur skeleton (D:6)
  2 orc wizards
  A howler monkey skeleton (D:3)
  5 adders
  4 gnolls (D:3)
  An ufetubus (D:4)
  4 worms
  A dart slug (D:1)
  5 orcs
  5 ball pythons
  5 endoplasms
  2 giant cockroaches
  4 goblins
  A hobgoblin (D:2)
  7 jackals
  3 bats
  3 frilled lizards
  3 kobolds (D:1)
  3 rats
71 creatures vanquished.

Vanquished Creatures (others)
  A hound skeleton (D:4)
1 creature vanquished.

Grand Total: 72 creatures vanquished

Notes
Turn   | Place    | Note
-------+----------+-------------------------------------------
     0 | D:1      | Spectrina the Djinni Necromancer began the quest for the
                  | Orb.
     0 | D:1      | Reached XP level 1. HP: 15/15 MP: 0/0
   215 | D:1      | Reached XP level 2. HP: 20/21 MP: 0/0
   316 | D:1      | Reached XP level 3. HP: 17/25 MP: 0/0
   316 | D:1      | Learned a level 1 spell: Corona
   381 | D:1      | Reached skill level 4 in Spellcasting
   514 | D:2      | Reached XP level 4. HP: 29/31 MP: 0/0
   663 | D:4      | Noticed an ogre
   663 | D:4      | Noticed a necrophage
   829 | D:3      | Reached XP level 5. HP: 27/35 MP: 0/0
   829 | D:3      | Learned a level 2 spell: Blink
  1000 | D:4      | Found Guawkuiph's Antique Weapon Shop.
  1010 | D:4      | Killed a necrophage
  1011 | D:4      | Reached skill level 5 in Spellcasting
  1011 | D:4      | Reached XP level 6. HP: 36/40 MP: 0/0
  1108 | D:4      | Found a glowing silver altar of Zin.
  1110 | D:4      | Noticed a necrophage
  1136 | D:4      | Killed a necrophage
  1137 | D:4      | Reached skill level 6 in Spellcasting
  1212 | D:4      | Killed an ogre
  1213 | D:4      | Reached XP level 7. HP: 45/45 MP: 0/0
  1213 | D:4      | Learned a level 3 spell: Gell's Gravitas
  1268 | D:5      | Entered Level 5 of the Dungeon
  1278 | D:5      | Found a staircase to the Ecumenical Temple.
  1285 | Temple   | Entered the Ecumenical Temple
  1342 | Temple   | Became a worshipper of Uskayaw the Reveller
  1358 | D:5      | Reached * piety under Uskayaw
  1359 | D:5      | Reached ** piety under Uskayaw
  1360 | D:5      | Reached skill level 1 in Invocations
  1431 | D:5      | Reached *** piety under Uskayaw
  1464 | D:5      | Noticed Edmund
  1476 | D:5      | Killed Edmund
  1477 | D:5      | Reached XP level 8. HP: 26/50 MP: 0/0
  1478 | D:5      | Reached **** piety under Uskayaw
  1479 | D:5      | Reached skill level 7 in Spellcasting
  1495 | D:6      | Found a shimmering altar of Xom.
  1538 | D:6      | Noticed Dowan
  1551 | D:6      | Killed Dowan
  1693 | D:6      | Noticed Grinder
  1735 | D:6      | Noticed Duvessa
  1737 | D:6      | Paralysed by Grinder for 7 turns
  1743 | D:6      | Slain by Grinder

Illustrated notes

Levels and vault maps discovered:
D:1:      heliophobic_arrival_enchanted_forest, layout_loops_ring,
          shapermc_ecumenical_altar_hornbeckon
D:2:      layout_basic, basic_altar
D:3:      layout_loops_ring, serial_shops, shop
D:4:      layout_rooms, zin_academy, fiery_altar_vehumet, serial_shops,
          nicolae_shop_statue_plus, kennysheep_decorative_pillar
D:5:      layout_loops_corners, minmay_temple_entry_arrows, uniq_edmund,
          uniq_blork_the_orc, uniq_eustachio
D:6:      layout_loops_cross, mainiacjoe_overflow_concentric_impassable,
          uniq_grinder, uniq_duvessa, uniq_prince_ribbit1
Temple:   dshaligram_water_room_temple

Skill      XL: |  1  2  3  4  5  6  7  8 |
---------------+-------------------------+-----
Spellcasting   | 4 5 6 7 |  7.3
Invocations    | 2 3 |  3.1
Dodging        | |  2.1
Stealth        | |  1.5

Action                   |  1- 3 |  4- 6 |  7- 9 || total
-------------------------+-------+-------+-------++-------
Melee: Dagger            |    27 |    49 |     1 ||    77
       Flail             |       |       |    26 ||    26
 Fire: Hunting sling     |       |    24 |    15 ||    39
Throw: Dart              |       |    12 |     3 ||    15
 Cast: Pain              |    32 |     1 |       ||    33
       Vampiric Draining |     8 |    30 |    34 ||    72
       Corona            |       |    20 |     5 ||    25
       Blink             |       |    11 |       ||    11
Invok: Stomp             |       |       |     1 ||     1
       Line Pass         |       |       |     1 ||     1
  Use: Scroll            |     3 |     1 |       ||     4
       Potion            |       |     1 |     1 ||     2
 Stab: Sleeping          |     1 |     1 |     1 ||     3
       Paralysed         |       |       |     1 ||     1
Armor: Robe              |     4 |    15 |       ||    19
       Leather armour    |       |       |    17 ||    17
Dodge: Dodged            |    23 |    46 |    20 ||    89
